 Dungeon Crawl Stone Soup version 0.30.1-9-gdf580d7c3d (webtiles) character file.

Game seed: 15462821040570227914

206 booth the Chopper (level 5, -7/47 HPs)
             Began as a Hill Orc Monk on Oct 4, 2023.
             Mangled by a gnoll
             ... wielding a +0 spear
              (8 damage)
             ... on level 3 of the Dungeon.
             The game lasted 00:16:03 (2222 turns).

booth the Chopper (Hill Orc Monk)                   Turns: 2222, Time: 00:16:04

Health: -7/47      AC:  3    Str: 16    XL:     5   Next: 84%
Magic:  7/7        EV: 12    Int: 10    God:
Gold:   121        SH:  0    Dex: 13    Spells: 4/4 levels left

rFire   . . .        a - +1 hand axe
rCold   . . .        d - orb {light}
rNeg    . . .        h - +0 leather armour
rPois   .            (no helmet)
rElec   .            (no cloak)
rCorr   .            (no gloves)
SInv    .            (no boots)
Will    .....        (no amulet)
Stlth   +            (no ring)
HPRegen 0.27/turn    (no ring)
MPRegen 0.10/turn

%: no passive effects
@: glowing, studying Invocations
A: no striking features
a: no special abilities


You were on level 3 of the Dungeon.
You visited 1 branch of the dungeon, and saw 3 of its levels.

You collected 121 gold pieces.

Inventory:

Hand Weapons
 a - a +1 hand axe (weapon)
Missiles
 b - a throwing net (quivered)
Armour
 d - an orb of light (worn)
 e - a +0 ring mail
 h - a +0 leather armour (worn)
Jewellery
 f - a ring of ice
 g - a ring of protection from fire
Scrolls
 i - a scroll of magic mapping
 k - a scroll of amnesia
 m - a scroll of immolation
 q - a scroll of vulnerability
Potions
 c - a potion of ambrosia
 j - a potion of might
 l - 4 potions of curing
 n - a potion of berserk rage
 o - a potion of haste {unknown}
 p - a potion of brilliance


   Skills:
 + Level 4.8 Fighting
 * Level 6.1 Axes
 + Level 3.2 Dodging
 + Level 3.6 Invocations


You had 4 spell levels left.
You didn't know any spells.
Your spell library was empty.

Dungeon Overview and Level Annotations

Branches:
Dungeon (3/15)

Altars:

Shops:
D:1 *


Message History

A gnoll comes into view. It is wielding a +0 flail.
Things that are here:
a +0 spear; a gnoll corpse The gnoll shouts!
A gnoll comes into view. It is wielding a +0 club.
You barely miss the gnoll. The gnoll hits you with a +0 flail!
You hit the gnoll.
The gnoll is lightly wounded.
A gnoll comes into view. It is wielding a +0 spear.
The gnoll hits you with a +0 flail.
The gnoll shouts!
You slash the gnoll!
The gnoll is severely wounded.
The gnoll barely misses you.
You hit the gnoll.
The gnoll is almost dead.
The gnoll closely misses you.
You barely miss the gnoll.
The gnoll is almost dead.
The gnoll hits you with a +0 flail.
You hit the gnoll.
You kill the gnoll!
You hit the gnoll.
The gnoll is lightly wounded.
A gnoll opens the door.
You slash the gnoll!
The gnoll is almost dead.
The gnoll hits you with a +0 club.
The gnoll hits you from afar with a +0 spear!
* * * LOW HITPOINT WARNING * * *
You hit the gnoll.
You kill the gnoll!
The gnoll barely misses you. The gnoll hits you with a +0 spear.
* * * LOW HITPOINT WARNING * * *
Items here: )) ††.
You hit the gnoll.
The gnoll is lightly wounded.
The gnoll hits you with a +0 spear!
You die...

########## #........#
#.######.# #........#
#........# ##.......#
###.....# #.'.....#
#@#.....# #g#...[.#
#)....#.# ########
####.....#.###..(....
#..........>.........
#........##.#........
#........##.#.#####..
####.....##.#.. .....
#.....##.#######..


You could see a gnoll.

Vanquished Creatures
  Terence (D:3)
  3 gnolls (D:3)
  6 adders
  2 worms
  A dart slug (D:1)
  5 orcs (D:2)
  7 ball pythons
  10 endoplasms
  4 giant cockroaches
  7 goblins
  4 hobgoblins
  7 jackals
  3 quokkas
  7 bats
  3 frilled lizards
  4 kobolds (D:1)
  5 rats
79 creatures vanquished.

Notes
Turn   | Place    | Note
-------+----------+-------------------------------------------
     0 | D:1      | booth the Hill Orc Monk began the quest for the Orb.
     0 | D:1      | Reached XP level 1. HP: 19/19 MP: 1/1
    64 | D:1      | Reached XP level 2. HP: 27/27 MP: 2/2
   362 | D:1      | Found Pyinathret's Assorted Antiques.
   456 | D:1      | Reached XP level 3. HP: 33/33 MP: 3/3
   820 | D:1      | Identified a scroll of acquirement
   822 | D:1      | Acquired a manual of Invocations
   876 | D:2      | Reached skill level 5 in Axes
   876 | D:2      | Reached skill level 1 in Invocations
   989 | D:2      | Reached XP level 4. HP: 33/40 MP: 5/5
  1546 | D:2      | Reached XP level 5. HP: 47/47 MP: 6/6
  2053 | D:3      | Noticed Terence
  2061 | D:3      | Killed Terence
  2202 | D:3      | Reached skill level 6 in Axes
  2221 | D:3      | HP: 1/47 [gnoll/+0 spear (6)]
  2222 | D:3      | Mangled by a gnoll

Illustrated notes

Levels and vault maps discovered:
D:1:      spicycebolla_arrival_ecumenical, layout_basic, serial_shops,
          nicolae_shop_tiny_waterfront, roderic_lattice_a
D:2:      layout_rooms, minmay_joined_circles
D:3:      wad_river_or_something, layout_basic, gup_sewer_entry_pipe,
          minmay_quantized, uniq_terence

Skill      XL: |  1  2  3  4  5 |
---------------+----------------+-----
Fighting       | 4 |  4.8
Axes           | 5 6 |  6.1
Invocations    | 1 2 3 |  3.6
Dodging        | 3 |  3.2

Action                     |  1- 3 |  4- 6 || total
---------------------------+-------+-------++-------
  Melee: Hand axe          |    79 |   132 ||   211
    Use: Scroll            |     5 |     7 ||    12
         Potion            |       |     2 ||     2
 Armour: Leather armour    |    15 |    28 ||    43
  Dodge: Dodged            |    38 |    66 ||   104
